 Dungeon Crawl Stone Soup version 0.30-a0-190-g22c9a3c0ff (webtiles) character file.

Game seed: 17072229736372483150

25 Morbidden the Trooper (level 3, -4/31 HPs)
             Began as a Ghoul Fighter on Oct 4, 2022.
             Was a Follower of Okawaru.
             Slain by a worm (8 damage)
             ... on level 1 of the Dungeon.
             The game lasted 00:01:30 (973 turns).

Morbidden the Trooper (Ghoul Fighter)                Turns: 973, Time: 00:01:30

Health: -4/31      AC:  9    Str: 21    XL:     3   Next: 6%
Magic:  0/2        EV: 11    Int:  3    God:    Okawaru [*.....]
Gold:   40         SH:  5    Dex:  8    Spells: 2/2 levels left

rFire   . . .      SeeInvis .    a - +0 war axe
rCold   + . .      Faith    .    c - +0 buckler
rNeg    + + +      Spirit   .    b - +0 scale mail
rPois   ∞          Reflect  .    (no helmet)
rElec   .          Harm     .    g - +0 cloak
rCorr   .          Rampage  .    (no gloves)
Will    .....                    (no boots)
Stlth   +.........               (no amulet)
HPRegen 0.00/turn                (no ring)
MPRegen 0.08/turn                (no ring)

@: heroic, inhibited regen
A: claws 1, cold resistance 1, negative energy resistance 3, inhibited
regeneration, torment resistance 2, devour on kill
a: Renounce Religion, Heroism


You were on level 1 of the Dungeon.
You worshipped Okawaru.
Okawaru was aware of your devotion.
You visited 1 branch of the dungeon, and saw 2 of its levels.

You collected 40 gold pieces.

Inventory:

Hand Weapons
 a - a +0 war axe (weapon)
Armour
 b - a +0 scale mail (worn)
 c - a +0 buckler (worn)
 g - a +0 cloak (worn)
Jewellery
 f - an amulet of guardian spirit
Scrolls
 h - a scroll of teleportation {unknown}
Potions
 d - a potion of might
 e - a potion of invisibility {unknown}


   Skills:
 * Level 3.6(8.6) Fighting
 * Level 2.0(7.0) Axes
 * Level 3.0(8.0) Armour
 * Level 0.5(5.5) Dodging
 * Level 2.9(7.9) Shields
 * Level 0.3 Invocations


You had 2 spell levels left.
You didn't know any spells.
Your spell library was empty.

Dungeon Overview and Level Annotations

Branches:
Dungeon (2/15)

Altars:
Okawaru


Innate Abilities, Weirdness & Mutations

You are immune to poison.
You have sharp fingernails.
Your flesh is cold resistant. (rC+)
You are immune to negative energy. (rN+++)
You do not regenerate when monsters are visible.
You are immune to unholy pain and torment.
You thrive by killing the living.


Message History

The gnoll hits you from afar with a +0 spear.
The gnoll barely misses you.
The gnoll hits you from afar with a +0 spear.
You block the gnoll's attack.
There is a stone staircase leading up here.
Unknown command.
You hit the gnoll.
The gnoll is lightly wounded.
The gnoll hits you but does no damage. The gnoll hits you with a +0 spear.
Unknown command.
You hit the gnoll.
The gnoll is lightly wounded.
You hit the worm. The gnoll barely misses you. The gnoll misses you.
You block the gnoll's attack. The worm bites you.
Unknown command.
The gnoll barely misses you. The gnoll hits you but does no damage.
The gnoll hits you from afar with a +0 spear.
The worm bites you.
You climb upwards.
There is a stone staircase leading down here.
Unknown command.
Unknown command.
Unknown command.
You gain the combat prowess of a mighty hero.
The gnoll hits you with a +0 spear.
* * * LOW HITPOINT WARNING * * *
Unknown command.
Unknown command.
You closely miss the gnoll.
The gnoll is lightly wounded.
You hit the worm. The gnoll barely misses you. The worm misses you.
The gnoll hits you but does no damage.
Unknown command.
Unknown command.
You hit the gnoll but do no damage.
The gnoll is lightly wounded.
You slash the worm! The gnoll hits you with a +0 spear.
* * * LOW HITPOINT WARNING * * *
The worm bites you!
You die...

#.##.#####..#
#.##........#
#........#..#
#........#..#
#........#..# ####
#........#..# #...
#........#..# #...
#)##+#......###...
#@................
#wg.##.########...
###..#.# #...
##.#.########...
#..............
###.###.....###
#.# #.##.## #.#
#.##.# #.###.##.#


You could see a worm and a gnoll.

Vanquished Creatures
  A gnoll (D:1)
  A ball python (D:1)
  3 endoplasms (D:1)
  2 goblins (D:1)
  A hobgoblin (D:1)
  4 kobolds (D:1)
  A quokka (D:1)
13 creatures vanquished.

Vanquished Creatures (others)
  4 withered plants (D:1)
4 creatures vanquished.

Grand Total: 17 creatures vanquished

Notes
Turn   | Place    | Note
-------+----------+-------------------------------------------
     0 | D:1      | Morbidden the Ghoul Fighter began the quest for the Orb.
     0 | D:1      | Reached XP level 1. HP: 19/19 MP: 0/0
    72 | D:1      | Found a faded altar of an unknown god.
    87 | D:1      | Prayed at the altar of an unknown god.
    87 | D:1      | Became a worshipper of Warmaster Okawaru
    87 | D:1      | Reached * piety under Okawaru
   113 | D:1      | Reached XP level 2. HP: 26/26 MP: 1/1
   663 | D:1      | Reached XP level 3. HP: 6/31 MP: 2/2
   973 | D:1      | Slain by a worm

Illustrated notes

Levels and vault maps discovered:
D:1:      pf_arrival_petrified_forest, layout_basic,
          ebering_ecumenical_altar_petrified, kennysheep_boxes
D:2:      layout_basic, basic_altar, chequers_serial_rivers_micro_c,
          minmay_misc_feat_room, minmay_between

Skill      XL: |  1  2 |
---------------+-------+-----
Armour         | 3 |  3.0
Axes           | 2 |  2.0
Fighting       | |  3.6
Dodging        | |  0.5
Shields        | |  2.9
Invocations    | |  0.3

Action                   || total
-------------------------++-------
Melee: War axe           ||    48
Invok: Heroism           ||     1
Armor: Scale mail        ||    13
Dodge: Dodged            ||    36
Block: Buckler           ||     9

Table legend: (Time is in decaauts)
 A = Elapsed time spent in this place.
 B = Non-inter-level travel time spent in this place.
 C = Inter-level travel time spent in this place.
 D = Time resting spent in this place.
 E = Time spent auto-exploring this place.
 F = Levels seen in this place.
 G = Mean time per level.
                   A        B        C        D        E       F      G
               +--------+--------+--------+--------+--------+-----+--------+
         Total |   1014 |   1005 |      9 |    299 |    547 |   2 |  507.0 |
       Dungeon |   1014 |   1005 |      9 |    299 |    547 |   2 |  507.0 |
               +--------+--------+--------+--------+--------+-----+--------+

Top non-repeatable levels by time:
     D:1: 992 daAuts
     D:2: 22 daAuts
